 Dungeon Crawl Stone Soup version 0.31-a0-986-g5e6e4ef867 (webtiles) character file.

Game seed: 8048750808781181201

242 pokeman the Magician (level 5, -1/29 HPs)
             Began as a Deep Elf Hedge Wizard on Nov 8, 2023.
             Slain by a gnoll
             ... wielding a +0 club
              (3 damage)
             ... on level 3 of the Dungeon.
             The game lasted 00:09:52 (3904 turns).

pokeman the Magician (Deep Elf Hedge Wizard)        Turns: 3904, Time: 00:09:52

Health: -1/29      AC:  3    Str:  7    XL:     5   Next: 82%
Magic:  1/16       EV: 13    Int: 21    God:
Gold:   106        SH:  0    Dex: 14    Spells: 9/17 levels left

rFire   . . .        a - +0 dagger
rCold   . . .        (no shield)
rNeg    . . .        b - +0 robe
rPois   .            c - +0 hat
rElec   .            u - +0 cloak
rCorr   +            (no gloves)
SInv    .            (no boots)
Will    .....        (no amulet)
Stlth   ++           t - ring of resist corrosion
HPRegen 0.24/turn    (no ring)
MPRegen 0.15/turn

%: no passive effects
@: very slightly contaminated
A: no striking features
a: no special abilities


You were on level 3 of the Dungeon.
You visited 1 branch of the dungeon, and saw 3 of its levels.

You collected 106 gold pieces.

Inventory:

Hand Weapons
 a - a +0 dagger (weapon)
 n - the +0 flail "Busoixug" {heavy, Fragile rF+ Int+6}
   (You found it on level 3 of the Dungeon)

   Int+6:     It affects your intelligence (+6).
   rF+:       It protects you from fire.
   Fragile:   It will be destroyed if unequipped.
Armour
 b - a +0 robe (worn)
 c - a +0 hat (worn)
 u - a +0 cloak (worn)
Magical Staves
 m - a staff of conjuration
Jewellery
 t - a ring of resist corrosion (left hand)
Scrolls
 e - a scroll of blinking {unknown}
 h - a scroll of identify {unknown}
 i - a scroll of poison {unknown}
 l - a scroll of butterflies {unknown}
 o - a scroll of teleportation {unknown}
 s - a scroll of revelation {unknown}
Potions
 d - a potion of magic
 f - a potion of attraction {unknown}
 g - 4 potions of haste {unknown}
 j - a potion of degeneration {unknown}
 k - a potion of enlightenment {unknown}
 p - a potion of cancellation {unknown}
 q - a potion of berserk rage {unknown}
 r - a potion of curing {unknown}


   Skills:
 + Level 1.0 Fighting
 - Level 1.0 Armour
 - Level 2.9 Dodging
 - Level 3.0 Stealth
 * Level 6.5 Spellcasting
 + Level 2.9 Conjurations
 - Level 1.1 Summonings
 - Level 1.1 Translocations
 + Level 1.0 Air Magic
 - Level 1.0 Poison Magic
 - Level 1.0 Evocations


You had 9 spell levels left.
You knew the following spells:

 Your Spells              Type           Power      Damage    Failure   Level
a - Magic Dart            Conj           76%        1d6       2%          1
b - Mephitic Cloud        Conj/Pois/Air  13%        N/A       14%         3
c - Call Imp              Summ           22%        N/A       9%          2
d - Blink                 Tloc           22%        N/A       9%          2

Your spell library contained the following spells:

 Spells                   Type           Power      Damage    Failure   Level
 Momentum Strike          Conj/Tloc      30%        3d8       6%          2
 Lesser Beckoning         Tloc           22%        N/A       9%          2
 Slow                     Hex            24%        N/A       10%         1
 Cigotuvi's Dreadful Rot  Necr/Pois/Air  18%        N/A       11%         2
 Confusing Touch          Hex            6%         N/A       28%         3
 Sigil of Binding         Hex            6%         N/A       28%         3
 Vampiric Draining        Necr           6%         2d6       28%         3


Dungeon Overview and Level Annotations

Branches:
Dungeon (3/15)

Altars:
Ashenzari
Kikubaaqudgha
Trog


Message History

Casting: Magic Dart (safe; 2% risk of failure)
Confirm with . or Enter, or press ? or * to list all spells.
Aiming: Magic Dart (safe; 2% risk of failure)
Press: ? - help, Shift-Dir - straight line, f/p - gnoll
Aim: a gnoll, wielding a +0 club (moderately wounded, 100% to hit)
The magic dart hits the gnoll.
The gnoll is severely wounded.
Unknown command.
The goblin shoots a sling bullet.
The sling bullet hits you but does no damage.
Things that are here:
a +0 club; a hobgoblin skeleton
Casting: Magic Dart (safe; 2% risk of failure)
Confirm with . or Enter, or press ? or * to list all spells.
Aiming: Magic Dart (safe; 2% risk of failure)
Press: ? - help, Shift-Dir - straight line, f/p - gnoll
Aim: a gnoll, wielding a +0 club (severely wounded, 100% to hit)
The magic dart hits the goblin.
You kill the goblin!
Casting: Magic Dart (safe; 2% risk of failure)
Confirm with . or Enter, or press ? or * to list all spells.
Aiming: Mephitic Cloud (quite dangerous; 14% risk of failure)
Press: ? - help, Shift-Dir - straight line, f/p - gnoll
Aim: a gnoll, wielding a +0 club (heavily wounded, chance to affect: 91%)
You miscast Mephitic Cloud.
You are very lightly contaminated with residual magic.
Nothing appears to happen.
Unknown command.
You aren't carrying any items that you can evoke.
Unknown command.
The gnoll hits you with a +0 club.
* * * LOW HITPOINT WARNING * * *
The goblin unwields a +0 sling.
The goblin closely misses you. The hobgoblin hits you with a +0 club.
* * * LOW HITPOINT WARNING * * *
The goblin barely misses you. The hobgoblin hits you with a +0 club.
* * * LOW HITPOINT WARNING * * *
The goblin completely misses you. The gnoll hits you with a +0 club.
You die...

#.#..## ###### ##. #.##..##
#....# ###. #.###..# #....#
#####.## #.# ##.# #....# #......#
#.# #.# #....# #....... #.####.#
#....# #....... #...##.## #....#
#####... ###.##..## #ggg.# #.##
#.###..# #.@..# #.## #.# ##.##
#....# #... ####.####..#
#....###### ##.##
...........####....#....# #..#.
...................#....#####..#.
..........##.......#....##p##..#.
..........##.###.#......#####..#.
..[.......##.#...###....#...#..#.
####.#.....#.#.#####..###._.##.#.


You could see a gnoll, a hobgoblin and a goblin.

Vanquished Creatures
  An orc priest (D:3)
  An orc wizard (D:3)
  2 adders (D:2)
  5 gnolls (D:3)
  3 worms
  A dart slug (D:1)
  5 orcs (D:3)
  4 bats
  4 endoplasms
  5 giant cockroaches
  11 hobgoblins
  6 jackals
  3 quokkas
  4 ball pythons
  6 frilled lizards
  20 goblins
  9 kobolds
  12 rats
102 creatures vanquished.

Vanquished Creatures (collateral kills)
  A worm (D:3)
  A goblin (D:3)
  A rat (D:2)
3 creatures vanquished.

Vanquished Creatures (others)
  A human (D:3)
1 creature vanquished.

Grand Total: 106 creatures vanquished

Notes
Turn   | Place    | Note
-------+----------+-------------------------------------------
     0 | D:1      | pokeman the Deep Elf Hedge Wizard began the quest for the
                  | Orb.
     0 | D:1      | Reached XP level 1. HP: 10/10 MP: 7/7
   335 | D:1      | Reached XP level 2. HP: 12/15 MP: 1/9
   931 | D:1      | Reached skill level 5 in Spellcasting
  1044 | D:1      | Reached XP level 3. HP: 8/20 MP: 4/11
  1048 | D:1      | Learned a level 3 spell: Mephitic Cloud
  1051 | D:1      | Learned a level 2 spell: Call Imp
  1054 | D:1      | Learned a level 2 spell: Blink
  1542 | D:2      | Reached skill level 1 in Armour
  1705 | D:2      | Reached skill level 1 in Fighting
  1833 | D:2      | Reached XP level 4. HP: 23/25 MP: 3/13
  1970 | D:2      | Found a faded altar of an unknown god.
  2472 | D:3      | Noticed a moth of wrath
  2612 | D:3      | Found a bloodstained altar of Trog.
  2621 | D:3      | Identified the +0 flail "Busoixug" {heavy, Fragile rF+
                  | Int+6}
  2710 | D:3      | Reached skill level 6 in Spellcasting
  2720 | D:3      | Reached XP level 5. HP: 15/29 MP: 1/15
  2865 | D:3      | Found a broken altar of Ashenzari.
  3315 | D:3      | Reached skill level 1 in Evocations
  3400 | D:3      | Reached skill level 1 in Poison Magic
  3506 | D:3      | Found an ancient bone altar of Kikubaaqudgha.
  3506 | D:3      | Noticed a human
  3509 | D:3      | Killed a human
  3826 | D:3      | Reached skill level 1 in Air Magic
  3904 | D:3      | Slain by a gnoll

Illustrated notes

Levels and vault maps discovered:
D:1:      nicolae_arrival_memento_mori, layout_loops_ring
D:2:      layout_basic, dreamdust_ecumenical_altar_angels_and_demons
D:3:      minmay_goblin_kobold_castle, layout_basic, tgw_kikubaaqudgha,
          tgw_trog, overflow_temple_1_default, chequers_serial_rivers_micro_e,
          minmay_fractal_squares_diagonal_5, uniq_grinder

Skill      XL: |  1  2  3  4  5 |
---------------+----------------+-----
Spellcasting   | 5 6 |  6.5
Armour         | 1 |  1.0
Conjurations   | 2 |  2.9
Fighting       | 1 |  1.0
Stealth        | 3 |  3.0
Evocations     | 1 |  1.0
Poison Magic   | 1 |  1.0
Air Magic      | 1 |  1.0
Dodging        | |  2.9
Summonings     | |  1.1
Translocations | |  1.1

Action                     |  1- 3 |  4- 6 || total
---------------------------+-------+-------++-------
  Melee: Dagger            |    28 |    86 ||   114
   Cast: Magic Dart        |   105 |   109 ||   214
         Mephitic Cloud    |     2 |    11 ||    13
         Call Imp          |     1 |     3 ||     4
   Stab: Confused          |       |     7 ||     7
 Armour: Robe              |    24 |    63 ||    87
  Dodge: Dodged            |    30 |    88 ||   118

Table legend: (Time is in decaauts)
 A = Elapsed time spent in this place.
 B = Non-inter-level travel time spent in this place.
 C = Inter-level travel time spent in this place.
 D = Time resting spent in this place.
 E = Time spent auto-exploring this place.
 F = Levels seen in this place.
 G = Mean time per level.
                   A        B        C        D        E       F      G
               +--------+--------+--------+--------+--------+-----+--------+
         Total |   3903 |   3816 |     87 |     90 |   3034 |   3 | 1301.0 |
       Dungeon |   3903 |   3816 |     87 |     90 |   3034 |   3 | 1301.0 |
               +--------+--------+--------+--------+--------+-----+--------+

Top non-repeatable levels by time:
     D:3: 1536 daAuts
     D:1: 1207 daAuts
     D:2: 1160 daAuts
